 Dungeon Sprint DCSS version 0.26-a0-690-gcb57259078 (webtiles) character file.

Game seed: 16641249348701830780

396 Jannitor the Skirmisher (level 6, 0/56 HPs)
             Began as a Demonspawn Fighter on Oct 4, 2020.
             Was a Follower of Makhleb.
             Slain by a sky beast (5 damage)
             ... in the Dungeon (Sprint IX: "|||||||||||||||||||||||||||||") on Oct 24, 2020.
             The game lasted 00:01:29 (314 turns).

Jannitor the Skirmisher (Demonspawn Fighter)         Turns: 314, Time: 00:01:30

Health: 0/56       AC:  0    Str: 21    XL:     6   Next: 52%
Magic:  6/6        EV: 10    Int: 10    God:    Makhleb [*.....]
Gold:   0          SH: 11    Dex: 14    Spells: 5/5 levels left

rFire    . . .     SeeInvis .   r - +1 broad axe (venom)
rCold    . . .     Faith    .   c - +0 kite shield
rNeg     . . .     Spirit   .   b - +0 scale mail
rPois    .         Reflect  .   (helmet restricted)
rElec    .         Harm     .   (no cloak)
rCorr    .         Rampage  .   (no gloves)
MR       .....     NoTele   +   (no boots)
Stlth    +.........             (no amulet)
HPRegen  0.18/turn              q - +2 ring of evasion
MPRegen  0.10/turn              p - +3 ring of strength

@: corroded, berserk cooldown, slowed, very slow
A: horns 2, thin skeletal structure 1, powered by death 1
a: Renounce Religion


You were in the Dungeon.
You worshipped Makhleb.
Makhleb was aware of your devotion.
You visited 1 branch

Inventory:

Hand Weapons
 a - a +0 flail
 r - a +1 broad axe of venom (weapon)
Armour
 b - a +0 scale mail (worn)
 c - a +0 kite shield (worn)
 o - a +0 pair of gloves
Jewellery
 p - a +3 ring of strength (right hand)
 q - a +2 ring of evasion (left hand)
Wands
 n - a wand of acid (10)
Scrolls
 j - 2 scrolls of blinking
 l - 3 scrolls of remove curse
 m - 2 scrolls of amnesia
Potions
 d - a potion of might
 e - a potion of invisibility
 f - a potion of heal wounds
 g - a potion of haste
 h - 4 potions of magic
 k - 4 potions of curing


   Skills:
 + Level 7.7 Fighting
 + Level 6.7 Maces & Flails
 + Level 7.0 Armour
 + Level 7.0 Shields


You had 5 spell levels left.
You didn't know any spells.
Your spell library was empty.

Dungeon Overview and Level Annotations

Branches:
Dungeon (1/1)

Altars:
Cheibriados
Dithmenos
Elyvilon
Fedhas
Gozag
Hepliaklqana
Kikubaaqudgha
Makhleb
Nemelex Xobeh
Okawaru
Qazlal
Ru
Sif Muna
Trog
Uskayaw
Vehumet
Wu Jian
Xom
Yredelemnul
Zin
The Shining One
Beogh
Jiyva
Lugonu


Innate Abilities, Weirdness & Mutations

You have a pair of horns on your head.
You have a somewhat thin skeletal structure. (Dex +2, Stealth)
You regenerate a little health from kills.


Message History

You slice the ice beast!!
You kill the ice beast!
Makhleb accepts your kill.
You feel better.
Your Armour skill increases to level 7!
Your Shields skill increases to level 7!
Something hits you. Something shocks you.
Items here: ( )) [ ††.
You closely miss something. Something hits you. Something shocks you.
You miss something.
You are no longer berserk.
You are exhausted.
You feel yourself slow down. Something hits you.
* * * LOW HITPOINT WARNING * * *
Something shocks you.
* * * LOW HITPOINT WARNING * * *
You miss something. Something hits you.
* * * LOW HITPOINT WARNING * * *
Something shocks you.
You die... ▓▓▓▓▓▓▓▓▓▓▓▓▓▓▓▓▓▓▓▓▓▓▓ _____'..)..[[.('@{....+ ▓▓▓▓▓▓▓▓▓▓▓▓▓▓▓▓▓▓▓▓▓▓▓

There were no monsters in sight!

Vanquished Creatures
  An ice beast (D)
  An orc warrior (D)
  A centaur (D)
  A hound (D)
  A jelly (D)
  2 worker ants (D)
  An adder (D)
  A shadow imp (D)
  An adder skeleton (D)
  A giant cockroach (D)
  2 goblins (D)
  A hobgoblin (D)
  A bat (D)
15 creatures vanquished.

Notes
Turn   | Place    | Note
-------+----------+-------------------------------------------
     0 | D        | Jannitor the Demonspawn Fighter began the quest for the
                  | Orb.
     0 | D        | Reached XP level 1. HP: 18/18 MP: 1/1
   119 | D        | Noticed a worker ant
   119 | D        | Noticed a hound
   124 | D        | Gained mutation: You have a pair of small horns on your
                  | head. [demonic ancestry]
   124 | D        | Reached XP level 2. HP: 25/25 MP: 2/2
   138 | D        | Gained mutation: You have a somewhat thin skeletal
                  | structure. (Dex +2, Stealth) [demonic ancestry]
   138 | D        | Reached XP level 3. HP: 23/31 MP: 3/3
   143 | D        | Gained mutation: You have a pair of horns on your head.
                  | [demonic ancestry]
   143 | D        | Reached XP level 4. HP: 28/38 MP: 4/4
   149 | D        | Reached skill level 5 in Fighting
   225 | D        | Found a roughly hewn altar of Beogh.
   225 | D        | Found a snail-covered altar of Cheibriados.
   225 | D        | Found a shadowy altar of Dithmenos.
   225 | D        | Found a white marble altar of Elyvilon.
   225 | D        | Found a blossoming altar of Fedhas.
   225 | D        | Found an opulent altar of Gozag.
   226 | D        | Found a hazy altar of Hepliaklqana.
   227 | D        | Found a viscous altar of Jiyva.
   228 | D        | Found an ancient bone altar of Kikubaaqudgha.
   229 | D        | Found a corrupted altar of Lugonu.
   230 | D        | Found a burning altar of Makhleb.
   231 | D        | Found a sparkling altar of Nemelex Xobeh.
   232 | D        | Found an iron altar of Okawaru.
   233 | D        | Found a stormy altar of Qazlal.
   234 | D        | Found a sacrificial altar of Ru.
   235 | D        | Found a shimmering blue altar of Sif Muna.
   236 | D        | Found a bloodstained altar of Trog.
   237 | D        | Found a hide-covered altar of Uskayaw.
   238 | D        | Became a worshipper of Makhleb the Destroyer
   239 | D        | Found a radiant altar of Vehumet.
   240 | D        | Found an ornate altar of the Wu Jian Council.
   241 | D        | Found a shimmering altar of Xom.
   242 | D        | Found a basalt altar of Yredelemnul.
   243 | D        | Found a glowing silver altar of Zin.
   244 | D        | Found a glowing golden altar of the Shining One.
   272 | D        | Upgraded the game from 0.26-a0-652-gafc20e3620 to
                  | 0.26-a0-690-gcb57259078
   283 | D        | Noticed a centaur
   283 | D        | Noticed an orc warrior
   283 | D        | Noticed an ice beast
   283 | D        | Noticed a sky beast
   287 | D        | Killed a centaur
   287 | D        | Reached skill level 5 in Maces & Flails
   287 | D        | Reached skill level 5 in Armour
   287 | D        | Reached skill level 5 in Shields
   287 | D        | Gained mutation: You regenerate a little health from kills.
                  | [demonic ancestry]
   287 | D        | Reached XP level 5. HP: 23/46 MP: 5/5
   296 | D        | Killed an orc warrior
   298 | D        | Reached * piety under Makhleb
   298 | D        | Reached XP level 6. HP: 33/53 MP: 6/6
   310 | D        | Killed an ice beast
   314 | D        | Slain by a sky beast

Illustrated notes

Levels and vault maps discovered:
D:        linesprint [early_d, line_temple, items_1, d_10, items_2, lair_1,
          lair_end, items_3, orc_1, orc_end, items_4, d_15, swamp_1, shoals_1,
          snake_1, spider_1, d_20, vaults_1, items_5, swamp_end, shoals_end,
          snake_end, spider_end, vaults_end, d_27, items_6, zot_1, zot_end,
          crypt_end, forest_end, elf_end, slime_end, tomb_end, abyss_end,
          pan_hell_end]

Skill      XL: |  1  2  3  4  5  6 |
---------------+-------------------+-----
Maces & Flails | 2 3 5 6 |  6.7
Armour         | 3 4 5 6 7 |  7.0
Shields        | 3 4 5 6 7 |  7.0
Fighting       | 4 6 7 |  7.7

Action                   |  1- 3 |  4- 6 || total
-------------------------+-------+-------++-------
Melee: Flail             |    40 |    12 ||    52
       Headbutt          |     3 |     5 ||     8
       Broad axe         |       |    24 ||    24
  Use: Potion            |     1 |     3 ||     4
Armor: Scale mail        |    18 |     6 ||    24
Dodge: Dodged            |     7 |    13 ||    20
Block: Kite shield       |    19 |    12 ||    31

Table legend: (Time is in decaauts)
 A = Elapsed time spent in this place.
 B = Non-inter-level travel time spent in this place.
 C = Inter-level travel time spent in this place.
 D = Time resting spent in this place.
 E = Time spent auto-exploring this place.
 F = Levels seen in this place.
 G = Mean time per level.
                   A        B        C        D        E       F      G
               +--------+--------+--------+--------+--------+-----+--------+
         Total |    336 |    336 |      0 |     90 |    100 |   1 |  336.0 |
       Dungeon |    336 |    336 |      0 |     90 |    100 |   1 |  336.0 |
               +--------+--------+--------+--------+--------+-----+--------+

Top non-repeatable levels by time:
       D: 336 daAuts
